 Dungeon Crawl Stone Soup version 0.30-a0-535-g2c0b3469a7 (webtiles) character file.

Game seed: 6525169576327829738

52 M4edhros the Ducker (level 3, -4/26 HPs)
             Began as an Octopode Fighter on Dec 25, 2022.
             Slain by a goblin
             ... wielding a +0 dagger of electrocution
              (10 damage)
             ... on level 3 of the Dungeon.
             The game lasted 00:00:48 (768 turns).

M4edhros the Ducker (Octopode Fighter)               Turns: 768, Time: 00:00:49

Health: -4/26      AC:  1    Str: 15    XL:     3   Next: 85%
Magic:  3/3        EV: 13    Int: 10    God:
Gold:   109        SH:  4    Dex: 13    Spells: 2/2 levels left

rFire   . . .      SeeInvis .    a - +0 trident
rCold   . . .      Faith    .    b - +0 buckler
rNeg    . . .      Spirit   .    (helmet restricted)
rPois   .          Reflect  .    (no amulet)
rElec   .          Harm     .    (no ring)
rCorr   .          Rampage  .    (no ring)
Will    .....                    (no ring)
Stlth   ++                       (no ring)
HPRegen 0.24/turn                (no ring)
MPRegen 0.08/turn                (no ring)
                                 (no ring)
                                 (no ring)

@: no status effects
A: almost no armour, amphibious, 8 rings, camouflage 1, gelatinous body 1,
(nimble swimmer 1), tentacles
a: no special abilities


You were on level 3 of the Dungeon.
You visited 1 branch of the dungeon, and saw 3 of its levels.

You collected 109 gold pieces.

Inventory:

Hand Weapons
 a - a +0 trident (weapon)
Armour
 b - a +0 buckler (worn)
Scrolls
 e - 3 scrolls of identify {unknown}
 g - a scroll of enchant weapon {unknown}
Potions
 c - 2 potions of might
 d - a potion of curing {unknown}
 f - a potion of mutation {unknown}
 h - a potion of heal wounds {unknown}


   Skills:
 - Level 3.0 Fighting
 + Level 3.1 Polearms
 + Level 3.9 Dodging
 - Level 3.0 Shields


You had 2 spell levels left.
You didn't know any spells.
Your spell library was empty.

Dungeon Overview and Level Annotations

Branches:
Dungeon (3/15)

Altars:

Annotations:
D:3 1 runed translucent door, Ijyb; oneeeeegina's ghost, amateur DjNe


Innate Abilities, Weirdness & Mutations

You cannot wear most types of armour.
You are amphibious.
You can wear up to eight rings at the same time.
Your skin changes colour to match your surroundings (Stealth+).
Your rubbery body absorbs attacks. (AC +1, EV +1)
((You are camouflaged when in or above water. (Stealth+)))
You have tentacles for arms and can constrict up to eight enemies at once.


Message History

You kill the goblin!
Things that are here:
a +0 sling; a goblin corpse You open the door.
There is an open door here.
As you open the door, it creaks loudly!
No target in view!
There is an open door here.
You open the large door.
A goblin and a jackal come into view.
The goblin is wielding a +0 dagger of electrocution.
Ijyb and a goblin come into view.
Ijyb is wielding a +0 club and carrying a wand of quicksilver (3).
Ijyb shouts!
The goblin shouts!
There is a large open door here.
There are monsters nearby!
The jackal barks!
There are monsters nearby!
You reach to attack!
The goblin shouts!
You hit the goblin.
You kill the goblin!
The jackal bites you.
There are monsters nearby!
You hit the jackal but do no damage. Your grab misses the jackal.
You block the jackal's attack.
The jackal bites you but does no damage.
You barely miss the jackal. Your grab misses the jackal.
The jackal barely misses you.
You puncture the jackal!
You kill the jackal!
Ijyb screams, "Me very upset!"
You hit Ijyb. Your grab misses Ijyb.
Ijyb is lightly wounded.
Ijyb zaps a wand.
The bolt of dispelling energy hits you!
Ouch! That really hurt!
The goblin hits you with a +0 dagger of electrocution.
* * * LOW HITPOINT WARNING * * *
You are electrocuted!
You die...

#####...#..≈≈##.
##+## +...').≈≈≈#.
#...#..#...#..≈≈≈#.
#...#..#########≈≈.
#...#..........#≈≈.
#...#.......)..'...
#)..#.......)..'...
#gg.#..........'.(.
#.@.#..........#≈≈#
#''##..#########≈≈#
#......#...#..≈≈≈##
#......'...').≈≈≈#
#......#...#..≈≈##
#################


You could see Ijyb and a goblin.

Vanquished Creatures
  2 adders
  A worm (D:2)
  A giant cockroach (D:1)
  7 goblins
  4 hobgoblins
  3 jackals (D:3)
  3 quokkas
  A ball python (D:2)
  5 bats (D:2)
  2 frilled lizards (D:2)
29 creatures vanquished.

Notes
Turn   | Place    | Note
-------+----------+-------------------------------------------
     0 | D:1      | M4edhros the Octopode Fighter began the quest for the Orb.
     0 | D:1      | Reached XP level 1. HP: 16/16 MP: 1/1
   184 | D:2      | Reached XP level 2. HP: 21/21 MP: 2/2
   347 | D:2      | Reached XP level 3. HP: 26/26 MP: 3/3
   525 | D:2      | Identified the +5 shortbow of Abomination {vorpal, rElec
                  | rPois Str+4 Dex+3}
   651 | D:3      | Found a runed translucent door.
   656 | D:3      | Noticed oneeeeegina's ghost (amateur DjNe)
   762 | D:3      | Noticed Ijyb
   768 | D:3      | Slain by a goblin

Illustrated notes

Levels and vault maps discovered:
D:1:      elethiomel_arrival_infinity_welcomes_careful_drivers, layout_basic,
          ebering_dispersal_statue_hall, amethyst_killhole, corner_web_ring
D:2:      layout_basic, hellmonk_ecumenical_altar_leap_of_faith, basic_altar
D:3:      kennysheep_goblin_castle, layout_basic, elyvilon_altar_5,
          ebering_ghost_sewer_f, kennysheep_cross_bottleneck,
          supply_closet_lemuel

Skill      XL: |  1  2  3 |
---------------+----------+-----
Polearms       | 3 |  3.1
Fighting       | |  3.0
Dodging        | |  3.9
Shields        | |  3.0

Action                   || total
-------------------------++-------
Melee: Trident           ||    62
       Constrict         ||     8
       Tentacles         ||     6
 Stab: Sleeping          ||     6
       Distracted        ||     1
Armor: Skin              ||     6
Dodge: Dodged            ||    34
Block: Buckler           ||     6

Table legend: (Time is in decaauts)
 A = Elapsed time spent in this place.
 B = Non-inter-level travel time spent in this place.
 C = Inter-level travel time spent in this place.
 D = Time resting spent in this place.
 E = Time spent auto-exploring this place.
 F = Levels seen in this place.
 G = Mean time per level.
                   A        B        C        D        E       F      G
               +--------+--------+--------+--------+--------+-----+--------+
         Total |    780 |    747 |     33 |      2 |    566 |   3 |  260.0 |
       Dungeon |    780 |    747 |     33 |      2 |    566 |   3 |  260.0 |
               +--------+--------+--------+--------+--------+-----+--------+

Top non-repeatable levels by time:
     D:2: 378 daAuts
     D:3: 222 daAuts
     D:1: 179 daAuts
